 Dungeon Crawl Stone Soup version 0.31-a0-43-g46d131a48f (webtiles) character file.

Game seed: 6500368002864563240

5 AleXD21137 the Ducker (level 1, -3/18 HPs)
             Began as a Merfolk Monk on May 18, 2023.
             Slain by a quokka (5 damage)
             ... on level 1 of the Dungeon.
             The game lasted 00:00:16 (102 turns).

AleXD21137 the Ducker (Merfolk Monk)                 Turns: 102, Time: 00:00:16

Health: -3/18      AC:  2    Str: 11    XL:     1   Next: 80%
Magic:  1/1        EV: 14    Int:  9    God:
Gold:   36         SH:  0    Dex: 16    Spells: 0/0 levels left

rFire   . . .        a - +0 spear
rCold   . . .        d - orb {light}
rNeg    . . .        b - +0 robe
rPois   .            (no helmet)
rElec   .            (no cloak)
rCorr   .            (no gloves)
SInv    .            (no boots)
Will    .....        (no amulet)
Stlth   +            (no ring)
HPRegen 0.23/turn    (no ring)
MPRegen 0.07/turn

%: no passive effects
@: glowing
A: (nimble swimmer 2), mertail
a: no special abilities


You were on level 1 of the Dungeon.
You visited 1 branch of the dungeon, and saw 1 of its levels.

You collected 36 gold pieces.

Inventory:

Hand Weapons
 a - a +0 spear (weapon)
Armour
 b - a +0 robe (worn)
 d - an orb of light (worn)
Scrolls
 f - a scroll of magic mapping {unknown}
Potions
 c - a potion of ambrosia
 e - a potion of degeneration {unknown}


   Skills:
 + Level 3.4 Fighting
 + Level 4.1 Polearms
 + Level 4.2 Dodging


You couldn't memorise any spells.
You didn't know any spells.
Your spell library was empty.

Dungeon Overview and Level Annotations

Branches:
Dungeon (1/15)

Altars:


Innate Abilities, Weirdness & Mutations

((You are very nimble when in or above water. (Stealth+, EV+, Speed+++)))
Your lower body shifts to a powerful aquatic tail in water.


Message History

The hobgoblin barely misses you.
You hit the hobgoblin.
The hobgoblin is heavily wounded.
The hobgoblin misses you.
You hit the hobgoblin.
You kill the hobgoblin!
You see here a hobgoblin corpse.
The endoplasm freezes you.
You are frozen.
You hit the endoplasm.
The endoplasm is heavily wounded.
The endoplasm freezes you.
You are frozen.
You hit the endoplasm.
You kill the endoplasm!
A kobold comes into view. It is wielding a +0 short sword.
The kobold shouts!
Found 3 gold pieces.
You hit the kobold but do no damage.
The kobold hits you with a +0 short sword.
You closely miss the kobold.
A quokka comes into view.
The kobold hits you with a +0 short sword.
You barely miss the kobold.
The kobold hits you with a +0 short sword.
You hit the kobold but do no damage. You hit the kobold.
The kobold is heavily wounded.
The kobold hits you with a +0 short sword.
* * * LOW HITPOINT WARNING * * *
You barely miss the kobold.
The kobold is heavily wounded.
The kobold closely misses you.
You hit the kobold.
You kill the kobold!
The quokka twitches its whiskers.
You hit the quokka but do no damage. The quokka bites you.
* * * LOW HITPOINT WARNING * * *
You hit the quokka but do no damage. The quokka bites you.
You die...

# #.#.# # #.#.# # #
#.#.# # ##. #.#.# # #...
#.#.# ## .$... ##.#.#
##.
......#####....#######..
......r@....†...........
......#####....###.###..
..... ##..#.........
#... ###.###.##### ###
#.###...... #..........
#####.##### #.........
.....##.#####


You could see a quokka.

Vanquished Creatures
  An endoplasm (D:1)
  A giant cockroach (D:1)
  A hobgoblin (D:1)
  A kobold (D:1)
4 creatures vanquished.

Notes
Turn   | Place    | Note
-------+----------+-------------------------------------------
     0 | D:1      | AleXD21137 the Merfolk Monk began the quest for the Orb.
     0 | D:1      | Reached XP level 1. HP: 18/18 MP: 1/1
   102 | D:1      | Slain by a quokka

Illustrated notes

Levels and vault maps discovered:
D:1:      amcnicky_arrival_underground_garden, layout_loops_ring,
          hellmonk_ecumenical_altar_blasted

Action                     || total
---------------------------++-------
  Melee: Spear             ||    16
 Armour: Robe              ||     1
  Dodge: Dodged            ||     4

Table legend: (Time is in decaauts)
 A = Elapsed time spent in this place.
 B = Non-inter-level travel time spent in this place.
 C = Inter-level travel time spent in this place.
 D = Time resting spent in this place.
 E = Time spent auto-exploring this place.
 F = Levels seen in this place.
 G = Mean time per level.
                   A        B        C        D        E       F      G
               +--------+--------+--------+--------+--------+-----+--------+
         Total |    100 |    100 |      0 |      0 |     66 |   1 |  100.0 |
       Dungeon |    100 |    100 |      0 |      0 |     66 |   1 |  100.0 |
               +--------+--------+--------+--------+--------+-----+--------+

Top non-repeatable levels by time:
     D:1: 100 daAuts
